 Dungeon Crawl Stone Soup version 0.29.1-15-g9cfb28693d (webtiles) character file.

Game seed: 782050989421807431

81 Sanktem7 the Trooper (level 4, 41/41 HPs)
             Began as a Minotaur Fighter on Mar 3, 2023.
             Quit the game on level 3 of the Dungeon.
             The game lasted 00:03:08 (2144 turns).

Sanktem7 the Trooper (Minotaur Fighter)             Turns: 2144, Time: 00:03:09

Health: 41/41      AC:  8    Str: 20    XL:     4   Next: 19%
Magic:  3/3        EV:  9    Int:  5    God:
Gold:   126        SH:  4    Dex: 12    Spells: 3/3 levels left

rFire   . . .      SeeInvis .   a - +0 war axe {axe}
rCold   . . .      Faith    .   c - +0 buckler
rNeg    . . .      Spirit   .   b - +0 scale mail
rPois   .          Reflect  .   (helmet restricted)
rElec   .          Harm     .   (no cloak)
rCorr   .          Rampage  .   (no gloves)
Will    .....                   o - +0 pair of boots
Stlth   ..........              (no amulet)
HPRegen 0.13/turn               (no ring)
MPRegen 0.08/turn               (no ring)

@: no status effects
A: horns 2, retaliatory headbutt
a: no special abilities


You were on level 3 of the Dungeon.
You visited 1 branch of the dungeon, and saw 3 of its levels.

You collected 126 gold pieces.


Innate Abilities, Weirdness & Mutations

You have a pair of horns on your head.
You reflexively headbutt those who attack you in melee.


   Skills:
 * Level 4.8 Fighting
 * Level 3.9 Axes
 + Level 4.2 Armour
 - Level 3.6 Shields


You had 3 spell levels left.
You didn't know any spells.
Your spell library contained the following spells:

 Spells                   Type           Power      Damage    Failure   Level
 Malign Gateway           Summ/Tloc      0%         N/A       100%        7
 Summon Horrible Things   Summ           0%         N/A       100%        8

Inventory:

Hand Weapons
 a - a +0 war axe (weapon) {axe}
Missiles
 e - 6 boomerangs (quivered) {throwing}
 f - 18 stones {throwing}
Armour
 b - a +0 scale mail (worn)
 c - a +0 buckler (worn)
 o - a +0 pair of boots (worn)
   (You found it on level 2 of the Dungeon)
 w - a scarf of invisibility
   (You found it on level 3 of the Dungeon)
Scrolls
 g - 2 scrolls of enchant armour {unknown}
 h - 4 scrolls of identify {unknown}
 k - a scroll of blinking {unknown}
 m - a scroll of silence {unknown}
 n - a scroll of teleportation {unknown}
 p - a scroll of immolation {unknown}
 r - a scroll of vulnerability {unknown}
 t - a scroll of amnesia {unknown}
Potions
 d - a potion of might
 i - a potion of magic {unknown}
 j - a potion of heal wounds {unknown}
 l - a potion of ambrosia {unknown}
 q - a potion of mutation {unknown}
 s - a potion of degeneration {unknown}
 u - 2 potions of brilliance {unknown}
 v - a potion of invisibility {unknown}

Dungeon Overview and Level Annotations

Branches:
Dungeon (3/15) Zot: 15825

Altars:

Shops:
D:3

*[* ###### .....
#.....# ......
##.......
.......#$.......
#.........>=.... #.
.....##........ ...
##..)⌠.⌠...... #.#
#.....@....... #.#
#.#..⌠.⌠...... #.#
#.#...........
#.####.#..........#
#.#...........#####
. #...##.#......#
.#####..##..#.######
.##....≈≈≈.##.####
....#.≈≈≈~~#......


There were no monsters in sight!


Message History

The adder completely misses you. 😕 HP[-2]
You take 2 damage, and now have 28/34 hp.
You barely miss the adder. Your headbutt misses the adder.
You feel sick.
You are no longer poisoned.
The adder bites you but does no damage. 😕 HP[-1]
You take 1 damage, and now have 27/34 hp.
You closely miss the adder. Your headbutt misses the adder.
You block the adder's attack. The adder barely misses you.
You miss the adder. You headbutt the adder!
The adder bites you but does no damage. You block the adder's attack.
You hit the adder.
You kill the adder!
You see here a ball python corpse.
An orc priest comes into view. It is wielding a +0 short sword.
The orc priest shouts!
You hear a shout!
An orc comes into view. It is wielding a +0 flail. 😎 HP[+7]
Your hp is fully restored (34).
There are monsters nearby!
There are monsters nearby!
There are monsters nearby!
The orc shouts!
An orc comes into view. It is wielding a +0 falchion.
An orc comes into view. It is wielding a +0 short sword.
Found a stone staircase leading up.
The orc shouts!
You hear a shout!
An orc comes into view. It is wielding a +0 club.
The orc shouts!
The orc priest hits you but does no damage.
The orc throws a boomerang.
The boomerang hits you but does no damage.
You slash the orc priest!
The orc priest hits you with a +0 short sword. 😕 HP[-1]
You take 1 damage, and now have 33/34 hp.
You barely miss the orc priest. You hit the orc. The orc closely misses you.
The orc priest calls down the wrath of Beogh upon you.
Beogh smites you! 😮 HP[-10]
You take 10 damage, and now have 23/34 hp.
MASSIVE DAMAGE!! (PAUSE)
You hit the orc priest but do no damage.
You headbutt the orc priest, but do no damage.
You closely miss the orc. x2; The orc closely misses you.
The orc priest hits you but does no damage.
The orc barely misses you. The orc priest barely misses you.
The orc barely misses you.
You barely miss the orc priest. You slash the orc!
You kill the orc!
You slash the orc!
You kill the orc!
You slash the orc!
You kill the orc!
The orc throws a boomerang.
The boomerang barely misses you.
The orc priest barely misses you. 😮 HP[+1]
You barely miss the orc priest.
The orc throws a boomerang.
The boomerang closely misses you. The orc priest barely misses you.
The orc priest hits you with a +0 short sword. 😮 HP[-1]
You take 1 damage, and now have 23/34 hp.
You hit the orc priest but do no damage.
Your headbutt misses the orc priest.
The orc throws a boomerang.
The boomerang hits you but does no damage.
The orc priest hits you but does no damage.
You hit the orc priest.
You kill the orc priest!
You have reached level 4!
You feel agile. 😮 HP[+5] MP[+1]
You now have 41 max hp (+7).
You regained 5 hp, and now have 28/41 hp.
Your mp is fully restored (3).
You hit the orc. The orc barely misses you. The orc closely misses you.
You hit the orc. You headbutt the orc.
You kill the orc!
e - 6 boomerangs {throwing} (gained 1)
Things that are here:
a +0 club {mace}; a +0 short sword {short}; an orc corpse 😮 HP[+1] Key pressed, stopping explore.
Things that are here:
a +0 flail {mace}; an orc corpse Key pressed, stopping explore.
Found Uluplucu's Antique Armour Emporium. 😎 HP[+12]
Your hp is fully restored (41).
g - 2 scrolls labelled GILOACULUAF (gained 1)
Found Qeggexte's General Store.
You enter the shallow water.
Moving in this stuff is going to be slow.
There is an entrance to Uluplucu's Antique Armour Emporium here.
You enter the shallow water.
Moving in this stuff is going to be slow.
Found a stone staircase leading down.
There is a fountain of clear blue water here.
There is an entrance to Qeggexte's General Store here.
Are you sure you want to abandon this character and quit the game? (Confirm with "yes".)

Skill      XL: |  1  2  3 |
---------------+----------+-----
Fighting       | 4 |  4.8
Axes           | 3 |  3.9
Armour         | 4 |  4.2
Shields        | |  3.6

Action                   |  1- 3 |  4- 6 || total
-------------------------+-------+-------++-------
Melee: War axe           |    75 |     2 ||    77
       Headbutt          |     9 |     1 ||    10
Armor: Scale mail        |    45 |       ||    45
Dodge: Dodged            |    38 |     2 ||    40
Block: Buckler           |    12 |       ||    12

Levels and vault maps discovered:
D:1:      dpeg_arrival_oval, layout_basic, ebering_ecumenical_altar_webs
D:2:      layout_loops_ring, nicolae_figureground_pulse
D:3:      layout_rooms, serial_shops, shop_fountains, shop,
          nicolae_shop_behind_doors, nicolae_shop_waterfront,
          nicolae_shop_hallway_stairs, minmay_snake_closets, uniq_robin

Notes
Turn   | Place    | Note
-------+----------+-------------------------------------------
     0 | D:1      | Sanktem7 the Minotaur Fighter began the quest for the Orb.
     0 | D:1      | Reached XP level 1. HP: 19/19 MP: 0/0
     0 | D:1      | magus.rc [v1.9.6]
   192 | D:1      | Found a faded altar of an unknown god.
   197 | D:1      | Reached XP level 2. HP: 22/27 MP: 1/1
   280 | D:1      | Reached skill level 4 in Fighting
   376 | D:1      | Reached skill level 3 in Axes
  1503 | D:2      | Reached XP level 3. HP: 27/33 MP: 2/2
  1632 | D:2      | You add the spells Malign Gateway and Summon Horrible
                  | Things to your library.
  1673 | D:2      | Reached skill level 4 in Armour
  1881 | D:3      | Found Abrennoq's General Store.
  2013 | D:3      | Reached XP level 4. HP: 28/41 MP: 3/3
  2117 | D:3      | Found Uluplucu's Antique Armour Emporium.
  2128 | D:3      | Found Qeggexte's General Store.
  2144 | D:3      | Quit the game

Vanquished Creatures
  An orc priest (D:3)
  An adder (D:3)
  3 dart slugs (D:1)
  4 orcs (D:3)
  A bat (D:2)
  3 endoplasms
  A giant cockroach (D:2)
  6 goblins
  3 ball pythons
  A frilled lizard (D:1)
  5 kobolds
  A rat (D:1)
30 creatures vanquished.

Table legend:
 A = Non-vault XP
 B = Vault XP
 C = Vault XP percentage of total XP
 D = Non-vault monster count
 E = Vault monster count
 F = Vault count percentage of total count
                 A         B        C        D         E       F
            +---------+---------+-------+---------+---------+-------
      Total |     116 |       0 |   0.0 |      30 |       0 |   0.0
            +---------+---------+-------+---------+---------+-------
        D:1 |      30 |       0 |   0.0 |      14 |       0 |   0.0
        D:2 |      16 |       0 |   0.0 |       8 |       0 |   0.0
        D:3 |      70 |       0 |   0.0 |       8 |       0 |   0.0
            +---------+---------+-------+---------+---------+-------

Illustrated notes

Table legend:
 A = Kills in this place as a percentage of kills in entire the game.
 B = Kills by you in this place as a percentage of kills by you in the entire game.
 C = Kills by friends in this place as a percentage of kills by friends in the entire game.
 D = Other kills in this place as a percentage of other kills in the entire game.
 E = Experience gained in this place as a percentage of experience gained in the entire game.
 F = Experience gained in this place divided by the number of levels of this place that you have seen.
                   A       B       C       D       E      F
               +-------+-------+-------+-------+-------+----------------------
         Total | 100.0 | 100.0 |   N/A |   N/A | 100.0 |  38.7
       Dungeon | 100.0 | 100.0 |   N/A |   N/A | 100.0 |  38.7
               +-------+-------+-------+-------+-------+----------------------

Table legend: (Time is in decaauts)
 A = Elapsed time spent in this place.
 B = Non-inter-level travel time spent in this place.
 C = Inter-level travel time spent in this place.
 D = Time resting spent in this place.
 E = Time spent auto-exploring this place.
 F = Levels seen in this place.
 G = Mean time per level.
                   A        B        C        D        E       F      G
               +--------+--------+--------+--------+--------+-----+--------+
         Total |   2174 |   2045 |    129 |      0 |   1815 |   3 |  724.7 |
       Dungeon |   2174 |   2045 |    129 |      0 |   1815 |   3 |  724.7 |
               +--------+--------+--------+--------+--------+-----+--------+

Top non-repeatable levels by time:
     D:1: 983 daAuts
     D:2: 907 daAuts
     D:3: 283 daAuts
